 Dungeon Crawl Stone Soup version 0.29.1-1-gd02db6906a (webtiles) character file.

Game seed: 10449514179216785089

19 lonewolfV2 the Insei (level 2, 0/22 HPs)
             Began as a Djinni Transmuter on Oct 17, 2022.
             Slain by a jackal (1 damage)
             ... on level 1 of the Dungeon.
             The game lasted 00:01:14 (1285 turns).

lonewolfV2 the Insei (Djinni Transmuter)            Turns: 1285, Time: 00:01:15

Health: 0/22       AC:  2    Str:  9    XL:     2   Next: 95%
Gold:   29         EV: 12    Int: 14    God:
                   SH:  0    Dex: 13

rFire   + + .      SeeInvis .     - Unarmed
rCold   x . .      Faith    .   (no shield)
rNeg    . . .      Spirit   .   a - +0 robe
rPois   ∞          Reflect  .   (helmet currently unavailable)
rElec   .          Harm     .   (no cloak)
rCorr   .          Rampage  .   (no gloves)
Will    .....                   (boots unavailable)
Stlth   +.........              (no amulet)
HPRegen 0.07/turn               (no ring)
MPRegen 0.00/turn               (no ring)

@: appendages (expiring), flying
A: horns 2, flying, sickness immunity, fire resistance 2, cold vulnerability 1,
float, innate caster, HP casting, extra vitality 1
a: End Transformation


You were on level 1 of the Dungeon.
You had temporarily grown beastly horns.
You visited 1 branch of the dungeon, and saw 1 of its levels.

You collected 29 gold pieces.

Inventory:

Armour
 a - a +0 robe (worn)
Scrolls
 c - a scroll of fear {unknown}
 e - a scroll of teleportation {unknown}
Potions
 b - a potion of lignification
 d - a potion of curing {unknown}
 f - a potion of berserk rage {unknown}
 g - a potion of brilliance {unknown}


   Skills:
 + Level 1.5 Fighting
 + Level 2.6 Dodging
 + Level 3.2 Unarmed Combat
 * Level 1.8 Spellcasting


You couldn't memorise any spells.
You knew the following spells:

 Your Spells              Type           Power      Damage    Failure   Level
a - Beastly Appendage     Tmut           12%        N/A       11%         1
b - Wereblood             Tmut           6%         N/A       17%         2
c - Spider Form           Tmut/Pois      6%         N/A       32%         3
d - Ice Form              Ice/Tmut       6%         N/A       73%         4
Your spell library was empty.

Dungeon Overview and Level Annotations

Branches:
Dungeon (1/15)

Altars:


Innate Abilities, Weirdness & Mutations

You have temporarily grown beastly horns.
You are flying.
You are immune to sickness and miasma.
You are immune to poison.
Your flesh is very heat resistant. (rF++)
You are vulnerable to cold. (rC-)
You float through the air rather than walking.
You learn spells naturally, not from books.
Your magical power is your life essence.
You have superior vitality. (+4 MHP)


Message History

You grow a pair of large bovine horns.
The jackal bites you.
The jackal bites you but does no damage.
The jackal barely misses you.
You closely miss the jackal.
You headbutt the jackal, but do no damage.
The jackal bites you. The jackal misses you. The jackal barely misses you.
You hit the jackal but do no damage. Your headbutt misses the jackal.
The jackal bites you. The jackal misses you. The jackal barely misses you.
You closely miss the jackal. The jackal closely misses you.
The jackal barely misses you.
You hit the jackal but do no damage. Your headbutt misses the jackal.
Your transformation is almost over.
The jackal bites you. x2; The jackal misses you.
You hit the jackal. Your headbutt misses the jackal.
The jackal is heavily wounded.
The jackal barely misses you. The jackal bites you. x2
* * * LOW HITPOINT WARNING * * *
You closely miss the jackal.
You headbutt the jackal, but do no damage.
The jackal is heavily wounded.
The jackal misses you. The jackal bites you.
* * * LOW HITPOINT WARNING * * *
The jackal misses you.
You hit the jackal.
You kill the jackal!
The jackal bites you.
* * * LOW HITPOINT WARNING * * *
You barely miss the jackal. The jackal barely misses you.
The jackal closely misses you. The jackal barely misses you.
You hit the jackal but do no damage.
The jackal bites you but does no damage.
The jackal closely misses you. The jackal barely misses you.
You hit the jackal but do no damage. The jackal bites you.
* * * LOW HITPOINT WARNING * * *
The jackal bites you.
* * * LOW HITPOINT WARNING * * *
The jackal closely misses you.
You closely miss the jackal. Your headbutt misses the jackal.
The jackal barely misses you. The jackal bites you.
You die...

...# ### # ####
#.. ..# ####
### # #.# #.#
#.. .. #### ##
#.# #.# #.# #.
#.. ..# #.#
###.###.#####.
#.# #.# #.#
#...........#.
#.# #.# #.#
#.#.###.###...
..#####.# #h#
#.#.# #....)..
........#
#@###.#.#
#####...
..##.##.###
#.h.....# #...
#.##......#
#####.### #...
#.......#.# #.#
##.#
#.#####.#.# #.#
#.. #.......#.#
#.# ###
.########.#####
#.# ##. .
#.....# #.####
##.. ##.###.#
##.##.## ##...


You could see 2 jackals.

Vanquished Creatures
  A dart slug (D:1)
  An endoplasm (D:1)
  3 giant cockroaches (D:1)
  A hobgoblin (D:1)
  A jackal (D:1)
  A quokka (D:1)
  2 ball pythons (D:1)
  A bat (D:1)
  2 goblins (D:1)
  A kobold (D:1)
  3 rats (D:1)
17 creatures vanquished.

Notes
Turn   | Place    | Note
-------+----------+-------------------------------------------
     0 | D:1      | lonewolfV2 the Djinni Transmuter began the quest for the
                  | Orb.
     0 | D:1      | lonewolfV2 set off with the following spells memorised:
                  | Beastly Appendage, Wereblood, Spider Form, Ice Form.
     0 | D:1      | Reached XP level 1. HP: 17/17 MP: 0/0
   336 | D:1      | Reached XP level 2. HP: 13/22 MP: 0/0
   537 | D:1      | Found a faded altar of an unknown god.
  1284 | D:1      | HP: 1/22 [jackal (3)]
  1285 | D:1      | Slain by a jackal

Illustrated notes

Levels and vault maps discovered:
D:1:      dpeg_arrival_pits, layout_loops_corners, ebering_ecumenical_altar_mist

Action                   || total
-------------------------++-------
Melee: Unarmed           ||    65
       Headbutt          ||     9
 Cast: Beastly Appendage ||    11
Armor: Robe              ||    10
Dodge: Dodged            ||    52
